 Dungeon Crawl Stone Soup version 0.29-a0-994-gc5c9f59d18 (webtiles) character file.

Game seed: 10998100590261454552

11 jlumianski the Chopper (level 2, 0/23 HPs)
             Began as a Demonspawn Gladiator on Aug 4, 2022.
             Slain by a quokka (3 damage)
             ... on level 1 of the Dungeon.
             The game lasted 00:00:46 (257 turns).

jlumianski the Chopper (Demonspawn Gladiator)        Turns: 257, Time: 00:00:47

Health: 0/23       AC:  4    Str: 14    XL:     2   Next: 17%
Magic:  2/2        EV: 12    Int:  9    God:
Gold:   23         SH:  0    Dex: 14    Spells: 1/1 levels left

rFire   . . .      SeeInvis .   a - +0 war axe
rCold   . . .      Faith    .   (no shield)
rNeg    . . .      Spirit   .   b - +0 leather armour
rPois   .          Reflect  .   c - +0 helmet
rElec   .          Harm     .   (no cloak)
rCorr   .          Rampage  .   (no gloves)
Will    .....                   (no boots)
Stlth   +.........              (no amulet)
HPRegen 0.07/turn               (no ring)
MPRegen 0.08/turn               (no ring)

@: no status effects
A: demonic magic 1
a: no special abilities


You were on level 1 of the Dungeon.
You visited 1 branch of the dungeon, and saw 1 of its levels.

You collected 23 gold pieces.

Inventory:

Hand Weapons
 a - a +0 war axe (weapon)
Missiles
 d - 3 throwing nets (quivered)
 e - a javelin
 f - 5 stones
Armour
 b - a +0 leather armour (worn)
 c - a +0 helmet (worn)


   Skills:
 + Level 2.5 Fighting
 + Level 2.8 Axes
 + Level 1.9 Throwing
 + Level 2.8 Dodging


You had one spell level left.
You didn't know any spells.
Your spell library was empty.

Dungeon Overview and Level Annotations

Branches:
Dungeon (1/15)

Altars:


Innate Abilities, Weirdness & Mutations

Spells you cast may paralyse adjacent enemies.


Message History

A hobgoblin comes into view.
A quokka and a hobgoblin come into view.
Found an inky potion.
The hobgoblin shouts!
The hobgoblin shouts!
You see here a +0 ring mail.
The hobgoblin barely misses you.
You hit the hobgoblin.
You kill the hobgoblin!
The quokka bites you. The hobgoblin attacks as you move away!
The hobgoblin misses you. The quokka misses you.
You see here a hobgoblin corpse.
The hobgoblin misses you. The quokka barely misses you.
The hobgoblin barely misses you. The quokka bites you.
The quokka barely misses you. The hobgoblin misses you.
The quokka barely misses you. The hobgoblin closely misses you.
The quokka barely misses you. The hobgoblin barely misses you.
The quokka barely misses you.
The hobgoblin hits you but does no damage.
The quokka bites you. The hobgoblin hits you. The quokka barely misses you.
The quokka bites you. The hobgoblin hits you. The quokka bites you.
* * * LOW HITPOINT WARNING * * *
The hobgoblin barely misses you. The quokka closely misses you.
The hobgoblin hits you but does no damage.
The quokka closely misses you. The hobgoblin misses you.
The quokka closely misses you. The hobgoblin closely misses you.
The quokka bites you but does no damage.
The quokka bites you.
* * * LOW HITPOINT WARNING * * *
The hobgoblin barely misses you. The quokka bites you.
* * * LOW HITPOINT WARNING * * *
The hobgoblin hits you but does no damage.
The quokka barely misses you. The hobgoblin barely misses you.
The quokka bites you.
You die...

......#.....##
...!.........##
..............#
.....[........#
..............#
..............#
.$........r....#
..........[g@..#
.#.............##
...........#####
...........#
#..........#
#..........#
...........#
.......)..##
#####+####...##


You could see a quokka and a hobgoblin.

Vanquished Creatures
  2 dart slugs (D:1)
  A bat (D:1)
  A giant cockroach (D:1)
  A hobgoblin (D:1)
  A kobold (D:1)
  2 rats (D:1)
8 creatures vanquished.

Notes
Turn   | Place    | Note
-------+----------+-------------------------------------------
     0 | D:1      | jlumianski the Demonspawn Gladiator began the quest for the
                  | Orb.
     0 | D:1      | Reached XP level 1. HP: 16/16 MP: 1/1
   236 | D:1      | Gained mutation: Spells you cast may paralyse adjacent
                  | enemies. [demonic ancestry]
   236 | D:1      | Reached XP level 2. HP: 16/23 MP: 2/2
   257 | D:1      | Slain by a quokka

Illustrated notes

Levels and vault maps discovered:
D:1:      roderic_octagonal_star, layout_rooms, dreamdust_ecumenical_altar_grove

Action                   || total
-------------------------++-------
Melee: War axe           ||    27
Armor: Leather armour    ||    15
Dodge: Dodged            ||    51

Table legend: (Time is in decaauts)
 A = Elapsed time spent in this place.
 B = Non-inter-level travel time spent in this place.
 C = Inter-level travel time spent in this place.
 D = Time resting spent in this place.
 E = Time spent auto-exploring this place.
 F = Levels seen in this place.
 G = Mean time per level.
                   A        B        C        D        E       F      G
               +--------+--------+--------+--------+--------+-----+--------+
         Total |    266 |    266 |      0 |    130 |     48 |   1 |  266.0 |
       Dungeon |    266 |    266 |      0 |    130 |     48 |   1 |  266.0 |
               +--------+--------+--------+--------+--------+-----+--------+

Top non-repeatable levels by time:
     D:1: 266 daAuts
